 Dungeon Crawl Stone Soup version 0.28-b1-1-g3c77fb2ed1 (webtiles) character file.

Game seed: 16096597780343640016

700 Descartes the Sneak (level 7, -17/38 HPs)
             Began as a Deep Elf Wanderer on Jan 30, 2022.
             Demolished by an orc warrior (19 damage)
             ... on level 5 of the Dungeon.
             The game lasted 00:07:05 (5493 turns).

Descartes the Sneak (Deep Elf Wanderer)             Turns: 5493, Time: 00:07:06

Health: -17/38     AC:  6    Str: 13    XL:     7   Next: 38%
Magic:  4/16       EV: 12    Int: 16    God:
Gold:   200        SH:  0    Dex: 13    Spells: 8/15 levels left

rFire   . . .      SeeInvis .   p - +0 dagger (venom)
rCold   . . .      Faith    .   (no shield)
rNeg    . . .      Spirit   .   r - +0 ring mail
rPois   .          Reflect  .   (no helmet)
rElec   .          Harm     .   (no cloak)
rCorr   .          Rampage  .   (no gloves)
Will    .....                   b - +0 pair of boots
Stlth   ++........              (no amulet)
HPRegen 0.12/turn               (no ring)
MPRegen 0.15/turn               (no ring)

@: no status effects
A: no striking features
a: no special abilities


You were on level 5 of the Dungeon.
You visited 1 branch of the dungeon, and saw 5 of its levels.

You collected 200 gold pieces.

Inventory:

Hand Weapons
 a - a +0 short sword
 p - a +0 dagger of venom (weapon)
Missiles
 j - 79 stones
 o - 12 boomerangs
 v - 53 arrows
 x - 3 curare-tipped darts
Armour
 b - a +0 pair of boots (worn)
 c - a +0 robe
 r - a +0 ring mail (worn)
Jewellery
 w - a ring of flight
Wands
 z - a wand of iceblast (12)
Scrolls
 f - a scroll of vulnerability {unknown}
 i - 2 scrolls of noise {unknown}
 k - 3 scrolls of identify {unknown}
 l - a scroll of magic mapping {unknown}
 n - 4 scrolls of fog {unknown}
 q - a scroll of enchant armour {unknown}
 s - a scroll of fear {unknown}
 t - a scroll of teleportation {unknown}
 u - a scroll of enchant weapon {unknown}
 y - a scroll of blinking {unknown}
Potions
 d - a potion of might {unknown}
 e - 2 potions of cancellation
 g - 3 potions of curing {unknown}
 h - a potion of resistance {unknown}
 m - a potion of degeneration {unknown}


   Skills:
 - Level 1.0 Fighting
 - Level 1.0 Short Blades
 + Level 2.2 Armour
 + Level 4.2 Dodging
 - Level 5.0 Stealth
 + Level 4.7 Spellcasting
 - Level 5.0 Conjurations
 + Level 3.4 Fire Magic


You had 8 spell levels left.
You knew the following spells:

 Your Spells              Type           Power      Damage    Failure   Level
a - Foxfire               Conj/Fire      68%        2x1d7     6%          1
b - Searing Ray           Conj           38%        2d5       6%          2
c - Sticky Flame          Conj/Fire      17%        2d4       52%         4

Your spell library contained the following spells:

 Spells                   Type           Power      Damage    Failure   Level


Dungeon Overview and Level Annotations

Branches:
Dungeon (5/15)
 Temple: D:4-7

Altars:
Cheibriados
Sif Muna
Zin


Message History

The orc warrior is almost dead.
The foxfire hits the orc warrior but does no damage.
The orc warrior is almost dead.
The orc warrior closely misses you.
Casting: Foxfire (safe; 6% risk of failure)
Confirm with . or Enter, or press ? or * to list all spells.
You conjure some foxfire!
The foxfire hits the orc warrior.
The orc warrior is almost dead.
The orc warrior hits you from afar with a +0 halberd!
* * * LOW HITPOINT WARNING * * *
The foxfire hits the orc warrior but does no damage.
The orc warrior is almost dead.
The foxfire hits the orc.
You kill the orc!
The foxfire hits the orc warrior but does no damage.
The orc warrior is almost dead.
Casting: Foxfire (safe; 6% risk of failure)
Confirm with . or Enter, or press ? or * to list all spells.
You conjure some foxfire!
The orc warrior barely misses you.
Unknown command.
Unknown command.
Casting: Foxfire (safe; 6% risk of failure)
Confirm with . or Enter, or press ? or * to list all spells.
You conjure some foxfire!
The foxfire hits the orc warrior but does no damage.
The orc warrior is almost dead.
The foxfire hits the orc warrior but does no damage.
The orc warrior is almost dead.
The orc warrior hits you from afar with a +0 halberd!
* * * LOW HITPOINT WARNING * * *
The foxfire hits the orc warrior but does no damage.
The orc warrior is almost dead.
The foxfire hits the orc warrior but does no damage.
The orc warrior is almost dead.
The orc warrior hits you from afar with a +0 halberd.
* * * LOW HITPOINT WARNING * * *
It was a potion of cancellation.
You feel magically purged.
The orc warrior hits you from afar with a +0 halberd!!
Ouch! That really hurt!
You die...

......#......##............#
......+.........>..........#
......#.............#......#
......#............##..###.# #
#...............##.####.#
...#....#######...<...#....#
+++###..#######.....######.#
.....#........#..#..# #<#
####.#...#.##.#@.#..# #######
#...#.#...#..#.#..#..#####.....#
#._.#.#...##.#.#o.#............#
......#...........#..####..###.#
#########............# #..# #.#
.......##.#.......#..# #..# #.#
.......##...#..##.#..# #..###.#
.......##.#.#..##.#..####......#
................#.#..#....###.##


You could see an orc warrior.

Vanquished Creatures
  2 ogres
  A phantom (D:5)
  A scorpion (D:4)
  3 jellies
  2 centaur skeletons (D:5)
  2 hounds
  A bullfrog skeleton (D:5)
  An orc wizard (D:3)
  3 adders
  A shadow imp (D:5)
  An ufetubus (D:4)
  An adder skeleton (D:4)
  A worm (D:4)
  3 dart slugs
  12 orcs
  6 endoplasms
  2 giant cockroaches (D:1)
  6 goblins
  6 hobgoblins
  2 jackals (D:4)
  3 quokkas
  8 ball pythons
  5 bats
  2 frilled lizards
  6 kobolds
  A rat (D:3)
82 creatures vanquished.

Vanquished Creatures (collateral kills)
  6 foxfires (D:3)
6 creatures vanquished.

Vanquished Creatures (others)
  531 foxfires
531 creatures vanquished.

Grand Total: 619 creatures vanquished

Notes
Turn   | Place    | Note
-------+----------+-------------------------------------------
     0 | D:1      | Descartes the Deep Elf Wanderer began the quest for the
                  | Orb.
     0 | D:1      | Descartes set off with the following items: a +0 short
                  | sword, a +0 pair of boots, a +0 robe; and the following
                  | spell memorised: Foxfire; and the following spells
                  | available to memorise: Searing Ray, Sticky Flame
     0 | D:1      | Reached XP level 1. HP: 12/12 MP: 5/5
   182 | D:1      | Reached XP level 2. HP: 16/16 MP: 4/6
   276 | D:1      | Found a faded altar of an unknown god.
   327 | D:1      | Prayed at the altar of an unknown god.
   327 | D:1      | Became a worshipper of Zin the Law-Giver
   327 | D:1      | Reached * piety under Zin
   328 | D:1      | Fell from the grace of Zin
   843 | D:1      | Reached skill level 1 in Fire Magic
  1294 | D:2      | Reached XP level 3. HP: 20/20 MP: 5/8
  2920 | D:3      | Reached XP level 4. HP: 25/25 MP: 2/10
  3202 | D:3      | Found a snail-covered altar of Cheibriados.
  3342 | D:3      | Learned a level 2 spell: Searing Ray
  3347 | D:3      | Learned a level 4 spell: Sticky Flame
  3690 | D:4      | Noticed a scorpion
  3705 | D:4      | Killed a scorpion
  3706 | D:4      | Reached XP level 5. HP: 27/29 MP: 2/12
  4422 | D:4      | Reached XP level 6. HP: 34/34 MP: 10/13
  4700 | D:5      | Entered Level 5 of the Dungeon
  5007 | D:5      | Reached XP level 7. HP: 38/38 MP: 9/15
  5080 | D:5      | Reached skill level 5 in Stealth
  5272 | D:5      | Reached skill level 5 in Conjurations
  5376 | D:5      | Found a shimmering blue altar of Sif Muna.
  5492 | D:5      | HP: 1/38 [orc warrior (4)]
  5493 | D:5      | Demolished by an orc warrior

Illustrated notes

Levels and vault maps discovered:
D:1:      dpeg_arrival_ternary, layout_basic,
          chequers_ecumenical_altar_simple_redux
D:2:      layout_loops_corners
D:3:      layout_rooms, kennysheep_slug_shrine, serial_curves, eino_curves_03,
          eino_curves_02, serial_park_tiny_2
D:4:      layout_basic
D:5:      layout_basic, good_gods_temple_1, general_overflow_altar,
          mainiacjoe_overflow_alcove_4, minmay_temple_entry_proselytizer

Skill      XL: |  1  2  3  4  5  6  7 |
---------------+----------------------+-----
Spellcasting   | 2 3 4 |  4.7
Fire Magic     | 1 2 3 |  3.4
Dodging        | 2 3 4 |  4.2
Stealth        | 3 4 5 |  5.0
Conjurations   | 4 5 |  5.0
Armour         | 2 |  2.2
Fighting       | |  1.0
Short Blades   | |  1.0

Action                   |  1- 3 |  4- 6 |  7- 9 || total
-------------------------+-------+-------+-------++-------
Melee: Short sword       |    13 |       |       ||    13
       Dagger            |       |     2 |       ||     2
 Cast: Foxfire           |   117 |   149 |    53 ||   319
Invok: Renounce Religion |     1 |       |       ||     1
  Use: Potion            |       |       |     1 ||     1
Armor: Robe              |     8 |       |       ||     8
       Ring mail         |       |     4 |     1 ||     5
Dodge: Dodged            |    13 |     5 |    13 ||    31
